 Dungeon Crawl Stone Soup version 0.31-a0-232-gb1c03b2570 (webtiles) character file.

Game seed: 5758107329047472607

180 qw the Shooter (level 5, -3/32 HPs)
             Began as a Gargoyle Hexslinger on July 7, 2023.
             Slain by a kobold brigand
             ... wielding a +0 whip
              (8 damage)
             ... in a sewer.
             The game lasted 00:00:54 (1729 turns).

qw the Shooter (Gargoyle Hexslinger)                Turns: 1729, Time: 00:00:55

Health: -3/32      AC:  9    Str: 12    XL:     5   Next: 60%
Magic:  6/6        EV: 12    Int: 13    God:
Gold:   89         SH:  0    Dex: 14    Spells: 5/6 levels left

rFire   . . .        Y - +4 sling
rCold   . . .        (no shield)
rNeg    + . .        l - +1 robe {Will+}
rPois   inf          (no helmet)
rElec   +            a - +0 cloak
rCorr   .            (no gloves)
SInv    .            m - +0 pair of boots
Will    +....        (no amulet)
Stlth   +            (no ring)
HPRegen 0.25/turn    (no ring)
MPRegen 0.10/turn

%: no passive effects
@: about to teleport
A: sickness immunity, AC +4, negative energy resistance 1, electricity
resistance, torment resistance 1, petrification resistance
a: no special abilities


You were in a sewer.
You visited 1 branch of the dungeon, and saw 3 of its levels.
You also visited: Sewer.

You collected 89 gold pieces.


Innate Abilities, Weirdness & Mutations

You are immune to sickness and miasma.
Your stone body is resilient. (AC +4)
You are immune to poison.
You resist negative energy. (rN+)
You are resistant to electric shocks. (rElec)
You are resistant to unholy torment.
You are immune to petrification.


   Skills:
 - Level 3.0 Fighting
 + Level 5.0 Ranged Weapons
 - Level 1.5 Dodging
 - Level 1.0 Spellcasting
 - Level 2.6 Hexes


You had 5 spell levels left.
You knew the following spells:

 Your Spells              Type           Power      Damage    Failure   Level
a - Slow                  Hex            28%        N/A       10%         1

Your spell library contained the following spells:

 Spells                   Type           Power      Damage    Failure   Level
 Inner Flame              Hex/Fire       4%         N/A       43%         3
 Portal Projectile        Hex/Tloc       8%         N/A       43%         3
 Cause Fear               Hex            3%         N/A       67%         4

Inventory:

Hand Weapons
 Y - a +4 sling (weapon)
Armour
 a - a +0 cloak (worn)
 l - a +1 robe of willpower (worn)
 m - a +0 pair of boots (worn)
 n - a +0 ring mail
Scrolls
 c - a scroll of silence {unknown}
 d - 3 scrolls of teleportation
Potions
 b - a potion of invisibility {unknown}
 f - a potion of mutation {unknown}
 g - a potion of curing
 h - a potion of degeneration {unknown}
 i - a potion of heal wounds {unknown}
 j - a potion of enlightenment {unknown}
 k - a potion of attraction {unknown}

Dungeon Overview and Level Annotations

Branches:
Dungeon (3/15)              Sewer (1/1)

Altars:
Qazlal


Message History

The sling bullet misses the kobold brigand.
You shoot a sling bullet.
The sling bullet barely misses the kobold brigand.
The sling bullet barely misses the kobold.
The kobold brigand barely misses you.
You shoot a sling bullet.
The sling bullet hits the kobold brigand but does no damage.
The kobold misses you.
The kobold brigand hits you with a +0 whip.
You shoot a sling bullet.
The sling bullet hits the kobold brigand!
The kobold brigand is moderately wounded.
The kobold brigand hits you with a +0 whip!
The kobold hits you but does no damage.
You shoot a sling bullet.
The sling bullet hits the kobold brigand.
The kobold brigand is heavily wounded.
The kobold misses you.
The kobold brigand hits you but does no damage.
You shoot a sling bullet.
The sling bullet hits the kobold brigand.
The kobold brigand is heavily wounded.
The kobold closely misses you.
The kobold brigand hits you with a +0 whip. x2
The kobold hits you but does no damage.
You shoot a sling bullet.
The sling bullet hits the kobold brigand.
The kobold brigand is severely wounded.
The kobold hits you but does no damage.
The kobold brigand hits you with a +0 whip.
You shoot a sling bullet.
The sling bullet hits the kobold brigand.
The kobold brigand is almost dead.
The kobold hits you with a +0 short sword.
The kobold brigand hits you with a +0 whip.
1729 ||| READING 4 scrolls of teleportation.
As you read the scroll of teleportation, it crumbles to dust.
You feel strangely unstable.
The kobold brigand hits you with a +0 whip!
You die...

##.....~~~~~.......#
##......~~~~~~.....##
#......~~~~~~~....##
#.....#~~~~~~~....#
#....##~~~~~~~....##
#....#~~~~~~~~.....#
##.....~~~~~~~~.....#
#...K..~~~~~~~~....##
#...K@~~~~~~~~~)...#
###'###~#~#~####)###
.... #~#~# #.....#
#.K.K. #~# #.....#
##.K.## ~#~# ##...##
!...! ~##.....#
#?!#!. ~#..#..# ###
### ####### ~~~~~~~~


You could see a kobold brigand and a kobold.

Vanquished Creatures
  4 adders
  8 river rats
  A worm (D:3)
  10 ball pythons
  A bat (D:2)
  3 endoplasms
  A giant cockroach (D:3)
  4 goblins
  2 hobgoblins (D:2)
  7 jackals
  13 kobolds
  A quokka (D:2)
  2 frilled lizards (Sewer)
  20 rats
77 creatures vanquished.

Notes
Turn   | Place    | Note
-------+----------+-------------------------------------------
     0 | D:1      | qw the Gargoyle Hexslinger began the quest for the Orb.
     0 | D:1      | Reached XP level 1. HP: 12/12 MP: 2/2
     0 | D:1      | 0 ||| qw: Version: 0.3-a-46-gb1f654a
     0 | D:1      | 0 ||| qw: Game counter: 2406
     0 | D:1      | 0 ||| qw: Melee chars always use a shield: true
     0 | D:1      | 0 ||| qw: God list: Okawaru
     0 | D:1      | 0 ||| qw: Allow faded altars: false
     0 | D:1      | 0 ||| qw: Do Orc after clearing Dungeon:15 true
     0 | D:1      | 0 ||| qw: Do second Lair branch before Depths: true
     0 | D:1      | 0 ||| qw: Lair rune preference: random
     0 | D:1      | 0 ||| qw: Goals: Normal
     0 | D:1      | 0 ||| PLANNING D:1-11
   159 | D:1      | Reached XP level 2. HP: 15/16 MP: 3/3
   737 | D:1      | 737 ||| UPGRADING to +1 robe of willpower.
   747 | D:1      | 747 ||| DROPPING +0 robe.
   748 | D:1      | 748 ||| UPGRADING to +0 pair of boots.
   753 | D:1      | 753 ||| READING scroll labelled FEOLEU YNOEXT.
   757 | D:1      | 757 ||| READING 3 scrolls labelled GEIVET EGHUIWI.
   758 | D:1      | 758 ||| READING 2 scrolls of enchant weapon.
   758 | D:1      | 758 ||| ENCHANTING +2 sling.
   759 | D:1      | 759 ||| READING scroll of enchant weapon.
   759 | D:1      | 759 ||| ENCHANTING +3 sling.
   760 | D:1      | 760 ||| READING scroll labelled JAN VUARAPENG.
   761 | D:1      | 761 ||| READING scroll labelled FITZERPHAKI.
   762 | D:1      | 762 ||| READING scroll labelled RASOJU RIHUOT.
   763 | D:1      | 763 ||| DRINKING 2 amethyst potions.
   764 | D:1      | 764 ||| DROPPING scroll of poison.
   814 | D:2      | Reached skill level 3 in Ranged Weapons
   932 | D:2      | Reached XP level 3. HP: 21/21 MP: 4/4
  1213 | D:2      | 1213 ||| UPGRADING to +0 cloak.
  1218 | D:2      | 1218 ||| DROPPING ring of wizardry.
  1219 | D:2      | 1219 ||| READING scroll labelled NOAQ ZOGUENE.
  1235 | D:2      | 1235 ||| READING scroll labelled XUZIPS JOFO.
  1252 | D:3      | 1252 ||| PLANNING SEWER
  1252 | D:3      | Found a stormy altar of Qazlal.
  1253 | D:3      | Noticed an earth elemental
  1255 | D:3      | Noticed a water elemental
  1255 | D:3      | Noticed an air elemental
  1255 | D:3      | Noticed a fire elemental
  1281 | D:3      | Reached XP level 4. HP: 27/27 MP: 5/5
  1340 | D:3      | Reached skill level 4 in Ranged Weapons
  1342 | D:3      | Found a glowing drain.
  1354 | Sewer    | Entered a sewer
  1420 | Sewer    | 1420 ||| Stepping ~*~*~tactically~*~*~ (outnumbered).
  1491 | Sewer    | Reached XP level 5. HP: 24/31 MP: 6/6
  1605 | Sewer    | Reached skill level 5 in Ranged Weapons
  1605 | Sewer    | 1605 ||| FLEEEEING.
  1606 | Sewer    | 1606 ||| FLEEEEING.
  1607 | Sewer    | 1607 ||| FLEEEEING.
  1680 | Sewer    | 1680 ||| Stepping ~*~*~tactically~*~*~ (water).
  1713 | Sewer    | Noticed a kobold brigand
  1714 | Sewer    | 1714 ||| Stepping ~*~*~tactically~*~*~ (outnumbered).
  1715 | Sewer    | 1715 ||| Stepping ~*~*~tactically~*~*~ (outnumbered).
  1720 | Sewer    | Reached skill level 3 in Fighting
  1728 | Sewer    | HP: 7/32 [kobold/+0 short sword (4)]
  1729 | Sewer    | 1729 ||| READING 4 scrolls of teleportation.
  1729 | Sewer    | Slain by a kobold brigand

Levels and vault maps discovered:
D:1:      zelgadis_glass_arrival_small, layout_basic
D:2:      layout_basic
D:3:      layout_loops_corners, lemuel_zombie_altar_yredelemnul,
          nicolae_qazlal_style_of_elements, portal_sewer_entry_b, uniq_natasha
Sewer:    sewer_minmay_treatment

Skill      XL: |  1  2  3  4  5 |
---------------+----------------+-----
Ranged Weapons | 3 4 5 |  5.0
Fighting       | 2 3 |  3.0
Dodging        | |  1.5
Spellcasting   | |  1.0
Hexes          | |  2.6

Action                     |  1- 3 |  4- 6 || total
---------------------------+-------+-------++-------
   Fire: Sling             |    98 |   135 ||   233
    Use: Scroll            |     9 |     1 ||    10
         Potion            |     1 |       ||     1
 Armour: Robe              |    16 |    62 ||    78
  Dodge: Dodged            |    28 |    62 ||    90

Table legend:
 A = Non-vault XP
 B = Vault XP
 C = Vault XP percentage of total XP
 D = Non-vault monster count
 E = Vault monster count
 F = Vault count percentage of total count
                 A         B        C        D         E       F
            +---------+---------+-------+---------+---------+-------
      Total |      83 |     175 |  67.8 |      32 |      45 |  58.4
            +---------+---------+-------+---------+---------+-------
        D:1 |      17 |       0 |   0.0 |       9 |       0 |   0.0
        D:2 |      55 |       0 |   0.0 |      18 |       0 |   0.0
        D:3 |      11 |      32 |  74.4 |       5 |       7 |  58.3
      Sewer |       0 |     143 | 100.0 |       0 |      38 | 100.0
            +---------+---------+-------+---------+---------+-------
